 Dungeon Crawl Stone Soup version 0.29.1 (webtiles) character file.

Game seed: 7627924122629886909

51213 inmateoo the Grappler (level 14, -4/141 HPs)
             Began as a Troll Monk on Sept 12, 2022.
             Was an Initiate of Yredelemnul.
             Slain by a skeletal warrior
             ... wielding a +0 battleaxe
              (27 damage)
             ... on level 15 of the Dungeon.
             The game lasted 00:22:35 (13148 turns).

inmateoo the Grappler (Troll Monk)                 Turns: 13148, Time: 00:22:36

Health: -4/141     AC: 16    Str: 24    XL:     14   Next: 22%
Magic:  18/18      EV: 12    Int:  6    God:    Yredelemnul [......]
Gold:   910        SH:  0    Dex:  9    Spells: 13/13 levels left

rFire   . . .      SeeInvis +     - Unarmed
rCold   + . .      Faith    .   (no shield)
rNeg    + . .      Spirit   .   A - +0 acid dragon scales
rPois   +          Reflect  .   e - +1 hat of Light {Slay+4}
rElec   .          Harm     .   M - +1 cloak {rPois}
rCorr   +          Rampage  .   (gloves unavailable)
Will    +....                   (boots unavailable)
Stlth   +.........              v - amulet of Conformity {rN+ Regen+ Dex-5 SInv}
HPRegen 1.93/turn               G - +4 ring of protection
MPRegen 0.16/turn               f - ring of protection from cold

@: no status effects
A: large, unfitting armour, claws 3, regeneration 1, shaggy fur 1, tough skin 1
a: Renounce Religion, Recall Undead Harvest


You were on level 15 of the Dungeon.
You worshipped Yredelemnul.
Yredelemnul was noncommittal.
You visited 2 branches of the dungeon, and saw 16 of its levels.

You collected 991 gold pieces.
You spent 81 gold pieces at shops.

Inventory:

Missiles
 l - 8 boomerangs
 J - 8 large rocks (quivered)
Armour
 e - the +1 hat of Light (worn) {Slay+4}
   (You acquired it on level 2 of the Dungeon)

   Slay:      It affects your accuracy & damage with ranged weapons and melee
   (+4).
 A - +0 acid dragon scales (worn)
 M - a +1 cloak of poison resistance (worn)
Jewellery
 d - a ring of ice
 f - a ring of protection from cold (right claw)
 j - a ring of resist corrosion
 v - the amulet of Conformity (around neck) {rN+ Regen+ Dex-5 SInv}
   (You acquired it on level 7 of the Dungeon)

   [amulet of regeneration]

   Dex:       It affects your dexterity (-5).
   rN:        It protects you from negative energy.
   SInv:      It lets you see invisible.
   Regen:     It increases your rate of health regeneration.
 G - a +4 ring of protection (left claw)
 H - a ring of positive energy
 P - a ring of willpower
Wands
 u - a wand of polymorph (10)
 x - a wand of flame (43)
 y - a wand of charming (6)
 F - a wand of iceblast (19)
Scrolls
 a - 2 scrolls of enchant armour
 g - a scroll of poison
 i - 2 scrolls of amnesia
 B - a scroll of fear
 E - a scroll of blinking
 I - 3 scrolls of fog
 L - 7 scrolls of teleportation
Potions
 b - 14 potions of ambrosia
 h - 2 potions of haste
 k - 4 potions of lignification
 n - 9 potions of curing
 p - 2 potions of mutation
 q - 4 potions of heal wounds
 r - 3 potions of might
 s - a potion of invisibility
 t - 5 potions of brilliance
 z - 2 potions of flight
 C - a potion of magic
 N - 5 potions of resistance
Miscellaneous
 K - a condenser vane (inert)


   Skills:
 + Level 9.6 Fighting
 + Level 12.2 Throwing
 - Level 4.0 Armour
 + Level 9.6 Dodging
 - Level 1.0 Stealth
 + Level 12.6 Unarmed Combat
 + Level 7.0 Invocations


You had 13 spell levels left.
You didn't know any spells.
Your spell library contained the following spells:

 Spells                   Type           Power      Damage    Failure   Level
 Freeze                   Ice            0%         1d3       52%         1
 Magic Dart               Conj           0%         1d3       52%         1
 Necrotise                Necr           0%         1d4       52%         1
 Poisonous Vapours        Pois/Air       0%         N/A       67%         2
 Searing Ray              Conj           0%         2d4       67%         2
 Static Discharge         Conj/Air       0%         3-3/arc   67%         2
 Frozen Ramparts          Ice            0%         1d1       88%         3
 Ozocubu's Armour         Ice            0%         N/A       88%         3
 Portal Projectile        Hex/Tloc       0%         N/A       88%         3
 Tukima's Dance           Hex            0%         N/A       88%         3
 Vampiric Draining        Necr           0%         2d6       88%         3
 Corpse Rot               Necr/Pois/Air  0%         N/A       99%         4
 Dispel Undead            Necr           0%         3d6       99%         4
 Fulminant Prism          Conj/Hex       0%         3d6       99%         4
 Hailstorm                Conj/Ice       0%         3d3       99%         4
 Sticky Flame             Conj/Fire      0%         2d3       99%         4
 Agony                    Necr           0%         N/A       100%        5
 Alistair's Intoxication  Tmut/Pois      0%         N/A       100%        5
 Blade Hands              Tmut           0%         N/A       100%        5
 Borgnjor's Vile Clutch   Necr/Erth      0%         N/A       100%        5
 Fireball                 Conj/Fire      0%         3d3       100%        5
 Iskenderun's Battlesphe  Conj           0%         2d6       100%        5
 Metabolic Englaciation   Hex/Ice        0%         N/A       100%        5
 Summon Forest            Summ/Tloc      0%         N/A       100%        5
 Conjure Ball Lightning   Conj/Air       0%         3x3d6     100%        6
 Eringya's Noxious Bog    Tmut/Pois      0%         N/A       100%        6
 Starburst                Conj/Fire      0%         6d3       100%        6
 Orb of Destruction       Conj           0%         9d5       100%        7
 Summon Hydra             Summ           0%         N/A       100%        7
 Ignition                 Fire           0%         3d3       100%        8
 Simulacrum               Ice/Necr       Unusable   N/A       N/A         6

Dungeon Overview and Level Annotations

Branches:
Dungeon (15/15)            Temple (1/1) D:7            Lair (0/5) D:8
    Orc (0/2) D:11         Vaults (0/5) D:14         Depths (0/4) D:15

Altars:
Ashenzari
Cheibriados
Dithmenos
Elyvilon
Fedhas
Gozag
Hepliaklqana
Kikubaaqudgha
Makhleb
Nemelex Xobeh
Okawaru
Qazlal
Ru
Sif Muna
Trog
Uskayaw
Wu Jian
Xom
Yredelemnul
Zin
The Shining One

Shops:
D:9 *

Annotations:
D:3 1 runed translucent door
D:13 2 transporters, Gonodgh's ghost, journeyman MiFi
Temple 2 transporters


Innate Abilities, Weirdness & Mutations

You are too large for most types of armour.
You have claws for hands.
Your natural rate of healing is unusually fast.
You are covered in fur. (AC +1)
You have tough skin. (AC +1)


Message History

The skeletal warrior is severely damaged.
The skeletal warrior hits you with a +0 battleaxe!
You claw the skeletal warrior!
The skeletal warrior is almost destroyed.
You scratch the skeletal warrior but do no damage.
The skeletal warrior is almost destroyed.
The skeletal warrior hits you with a +0 battleaxe!
You barely miss the skeletal warrior.
The skeletal warrior is almost destroyed.
The skeletal warrior hits you with a +0 battleaxe!
You closely miss the skeletal warrior. Your claw misses the skeletal warrior.
The skeletal warrior is almost destroyed.
The skeletal warrior misses you.
You closely miss the skeletal warrior.
The skeletal warrior is almost destroyed.
The skeletal warrior hits you with a +0 battleaxe!!
You are too injured to fight recklessly!
You scratch the skeletal warrior but do no damage.
The skeletal warrior is severely damaged.
You scratch the skeletal warrior but do no damage.
The skeletal warrior is severely damaged.
The skeletal warrior hits you with a +0 battleaxe!
You completely miss the skeletal warrior.
The skeletal warrior is severely damaged.
The skeletal warrior hits you with a +0 battleaxe!!
* * * LOW HITPOINT WARNING * * *
You scratch the skeletal warrior but do no damage.
The skeletal warrior is severely damaged.
The skeletal warrior completely misses you.
You barely miss the skeletal warrior.
The skeletal warrior is severely damaged.
You scratch the skeletal warrior.
The skeletal warrior is almost destroyed.
The skeletal warrior hits you with a +0 battleaxe!
* * * LOW HITPOINT WARNING * * *
You barely miss the skeletal warrior.
The skeletal warrior is almost destroyed.
The skeletal warrior hits you with a +0 battleaxe!!
You die...
Your body rises from the dead as a mindless zombie.

.....# #..'......# .....#
####......# .....# ####..##
.....# #....
.....########################.###
............[......Z.............
####...........#.####'#######....
...#...........#.#≈≈...≈≈# #####
##.....).......(@#≈..#Z.≈# #
##..##........#z#[#.#.#.# #
##..#........#(#.≈.≈.≈.# #
##.#..(.....#(#.≈...≈.# #
#.#....~~.~~(#.≈...≈.#
≈≈#~≈~≈~~~~~(#.#####Z#
≈≈≈≈≈≈≈≈##~...#)#...#Z#
≈≈~~~~~~≈####.(#.#.>.#.#
#≈#≈.~.~..# #..#.'..Z')#


You could see a skeletal warrior.

Vanquished Creatures
  Jorgrun (D:14)
  Gastronok (D:8)
  A stone giant (D:15)
  Azrael (D:13)
  4 boulder beetles
  4 hydras
  A catoblepas (D:13)
  A two-headed ogre (D:9)
  A death knight (D:13)
  5 centaur warriors
  3 tengu warriors
  An iron troll (D:14)
  11 skeletal warriors
  2 deep elf pyromancers
  A necromancer (D:14)
  A will-o-the-wisp (D:13)
  4 cyclopes
  3 rime drakes (D:15)
  Maggie (D:8)
  A kobold demonologist (D:10)
  A freezing wraith (D:12)
  2 komodo dragons
  An unseen horror (D:12)
  A yaktaur (D:12)
  3 efreet
  A queen bee (D:13)
  A queen bee (shapeshifter) (D:15)
  A troll (D:11)
  3 meliai (D:13)
  13 slime creatures
  A shadow (D:11)
  A spriggan (shapeshifter) (D:14)
  A wraith (D:12)
  A fire elemental (D:13)
  2 vampires
  11 wyverns
  14 yaks
  5 basilisks
  2 steam dragons
  8 vampire mosquitoes
  2 water moccasins
  4 hell hounds (D:13)
  An acid dragon (D:12)
  Duvessa (D:6)
  A sky beast (D:8)
  4 orc warriors
  An ice beast (D:8)
  2 ogres
  The ghost of qborf the Chopper, an amateur MeBe of Trog (D:3)
  5 black bears
  15 centaurs
  A phantom (D:5)
  A bullfrog (D:3)
  4 kobold brigands (D:8)
  2 gnoll sergeants
  2 scorpions
  2 wights (D:8)
  Dowan (D:6)
  12 killer bees (D:13)
  5 orc priests
  A jelly (D:6)
  10 orc wizards
  7 hell rats (D:15)
  11 iguanas
  23 gnolls
  11 adders
  2 white imps (D:8)
  An ufetubus (D:1)
  4 worms
  30 orcs
  5 bats
  An endoplasm (D:2)
  3 giant cockroaches
  3 goblins
  7 hobgoblins
  5 jackals (D:1)
  3 quokkas
  6 ball pythons
  A frilled lizard (D:2)
  10 kobolds
  10 rats
342 creatures vanquished.

Vanquished Creatures (collateral kills)
  The ghost of Xeikkuus the Cleaver, a journeyman MiFi of Okawaru (D:12)
  A boulder beetle (D:12)
  A hydra (D:12)
  A deep elf pyromancer (D:13)
  A will-o-the-wisp (D:13)
  A manticore (D:11)
  3 cyclopes
  A komodo dragon (D:12)
  A troll (D:12)
  A hornet (D:11)
  A yak (D:10)
  2 wyverns (D:15)
  A fire elemental (D:13)
  A basilisk (D:15)
  4 vampire mosquitoes
  A black bear (D:8)
  An orc warrior (D:8)
  An ice beast (D:8)
  2 centaurs
  A bullfrog (D:8)
  A scorpion (D:8)
  A wight (D:8)
  2 killer bees (D:13)
  A hell rat (D:15)
  An orc wizard (D:8)
  A gnoll (D:10)
  3 orcs
37 creatures vanquished.

Vanquished Creatures (others)
  A centaur warrior (D:8)
  A dwarf zombie (D:14)
  An elephant slug zombie (D:8)
  A catoblepas zombie (D:13)
  A hydra zombie (D:13)
  A meliai zombie (D:13)
  3 slime creature zombies (D:14)
  A vampire mosquito (D:13)
  A tengu zombie (D:15)
  A human zombie (D:14)
  A spectral efreet (D:14)
  A manticore zombie (D:11)
  A rime drake zombie (D:15)
  8 vampire mosquito zombies
  4 hell hound zombies (D:13)
  8 wyvern zombies (D:15)
  A spriggan zombie (D:14)
  A queen bee zombie (D:15)
  A yak zombie (D:8)
  8 centaur zombies
  4 basilisk zombies (D:15)
  7 killer bee zombies (D:13)
  An acid dragon zombie (D:12)
  A sky beast zombie (D:8)
  An ice beast zombie (D:8)
  5 hell rat zombies (D:15)
  3 gnoll zombies (D:9)
  4 kobold zombies (D:8)
  7 orc zombies
  13 foxfires (D:13)
  13 fungi
  16 plants
121 creatures vanquished.

Grand Total: 500 creatures vanquished

Notes
Turn   | Place    | Note
-------+----------+-------------------------------------------
     0 | D:1      | inmateoo the Troll Monk began the quest for the Orb.
     0 | D:1      | Reached XP level 1. HP: 22/22 MP: 0/0
   238 | D:1      | Reached XP level 2. HP: 28/29 MP: 1/1
   375 | D:1      | Found a faded altar of an unknown god.
   703 | D:2      | Reached XP level 3. HP: 35/36 MP: 2/2
   729 | D:2      | Reached skill level 1 in Throwing
   798 | D:2      | Reached XP level 4. HP: 31/45 MP: 3/3
  1195 | D:2      | Identified a scroll of acquirement
  1195 | D:2      | Acquired the +1 hat of Light {Slay+4}
  1221 | D:3      | Reached XP level 5. HP: 50/53 MP: 4/4
  1293 | D:3      | Found a runed translucent door.
  1294 | D:3      | Noticed qborf's ghost (amateur MeBe)
  1331 | D:3      | Found a runed translucent door.
  1928 | D:3      | Reached XP level 6. HP: 53/61 MP: 5/5
  1937 | D:3      | Killed qborf's ghost
  2628 | D:5      | Entered Level 5 of the Dungeon
  2636 | D:5      | Reached skill level 5 in Unarmed Combat
  2640 | D:5      | Reached XP level 7. HP: 58/67 MP: 6/6
  2900 | D:5      | Reached skill level 5 in Throwing
  3423 | D:6      | Noticed Duvessa
  3426 | D:6      | Noticed Dowan
  3439 | D:6      | Reached XP level 8. HP: 68/75 MP: 7/7
  3442 | D:6      | Killed Duvessa
  3455 | D:6      | Killed Dowan
  3517 | D:6      | Found a stormy altar of Qazlal.
  3727 | D:6      | Found a sacrificial altar of Ru.
  4012 | D:7      | Acquired the amulet of Conformity {rN+ Regen+ Dex-5 SInv}
  4086 | D:7      | Found a snail-covered altar of Cheibriados.
  4174 | D:7      | Found a staircase to the Ecumenical Temple.
  4183 | D:7      | Reached XP level 9. HP: 81/81 MP: 8/8
  4216 | Temple   | Entered the Ecumenical Temple
  4216 | Temple   | Found a transporter.
  4216 | Temple   | Found a transporter.
  4218 | Temple   | Found a transporter.
  4218 | Temple   | Found a transporter.
  4232 | Temple   | Became a worshipper of Yredelemnul the Dark
  4232 | Temple   | Reached * piety under Yredelemnul
  4232 | Temple   | Reached ** piety under Yredelemnul
  4785 | D:8      | Reached skill level 10 in Throwing
  4929 | D:8      | Noticed a deep elf pyromancer
  4929 | D:8      | Noticed a centaur warrior
  4961 | D:8      | Killed a deep elf pyromancer
  5001 | D:8      | Noticed a komodo dragon
  5015 | D:8      | Killed a komodo dragon
  5016 | D:8      | Reached skill level 5 in Dodging
  5073 | D:8      | Reached XP level 10. HP: 79/94 MP: 9/9
  5090 | D:8      | Reached *** piety under Yredelemnul
  5230 | D:8      | Reached skill level 5 in Fighting
  5238 | D:8      | Reached **** piety under Yredelemnul
  5291 | D:8      | Noticed Gastronok
  5309 | D:8      | Killed Gastronok
  5309 | D:8      | Reached ***** piety under Yredelemnul
  5466 | D:8      | Noticed Maggie
  5481 | D:8      | Killed Maggie
  5506 | D:8      | Your ally Gastronok died
  5819 | D:8      | Found a staircase to the Lair.
  6430 | D:9      | Noticed a two-headed ogre
  6450 | D:9      | Killed a two-headed ogre
  6451 | D:9      | Reached XP level 11. HP: 66/107 MP: 10/10
  6644 | D:9      | Found Mek Giva's Assorted Antiques.
  6651 | D:9      | Bought a potion of curing for 81 gold pieces
  6925 | D:10     | Entered Level 10 of the Dungeon
  7298 | D:10     | Reached skill level 10 in Unarmed Combat
  7689 | D:11     | Paralysed by a hornet for 1 turns
  7695 | D:11     | Reached skill level 1 in Armour
  7695 | D:11     | Reached skill level 1 in Invocations
  8068 | D:11     | Found a staircase to the Orcish Mines.
  8143 | D:11     | Noticed a tengu warrior
  8143 | D:11     | Noticed a boulder beetle
  8158 | D:11     | Killed a boulder beetle
  8168 | D:10     | HP: 4/109 [vampire mosquito (6)]
  8258 | D:11     | HP: 6/163 [tengu warrior/+0 halberd (11)]
  8260 | D:11     | Killed a tengu warrior
  8385 | D:11     | Noticed a boulder beetle
  8410 | D:11     | Killed a boulder beetle
  8942 | D:12     | Found a glowing silver altar of Zin.
  8942 | D:12     | Noticed an angel
  8973 | D:12     | Noticed a boulder beetle
  8993 | D:12     | Killed a boulder beetle
  8994 | D:12     | Reached XP level 12. HP: 106/118 MP: 11/13
  8998 | D:12     | Noticed a boulder beetle
  9005 | D:12     | Killed a boulder beetle
  9105 | D:12     | Noticed Xeikkuus's ghost (journeyman MiFi)
  9108 | D:12     | Found a runed translucent door.
  9112 | D:12     | Noticed a five-headed hydra
  9121 | D:12     | Killed a seven-headed hydra
  9294 | D:12     | Noticed a six-headed hydra
  9301 | D:12     | Killed a ten-headed hydra
  9645 | D:12     | Killed Xeikkuus's ghost
  9681 | D:13     | Noticed a catoblepas
  9690 | D:13     | Killed a catoblepas
  9863 | D:13     | Found a transporter.
  9866 | D:13     | Noticed Gonodgh's ghost (journeyman MiFi)
  9866 | D:13     | Noticed a six-headed hydra
  9904 | D:13     | Found a transporter.
  9915 | D:13     | Noticed a centaur warrior
  9930 | D:13     | Killed a centaur warrior
  9948 | D:13     | Noticed Azrael
  9970 | D:13     | Killed Azrael
 10022 | D:13     | Noticed a centaur warrior
 10032 | D:13     | Killed a centaur warrior
 10144 | D:13     | Noticed a six-headed hydra
 10159 | D:13     | Killed a seven-headed hydra
 10173 | D:13     | Reached XP level 13. HP: 99/128 MP: 15/15
 10257 | D:13     | Reached skill level 5 in Invocations
 11176 | D:14     | Reached ****** piety under Yredelemnul
 11545 | D:14     | Found a gate to the Vaults.
 11576 | D:14     | Noticed Jorgrun
 11588 | D:14     | Killed Jorgrun
 11707 | D:14     | Your ally Jorgrun died
 12230 | D:15     | Entered Level 15 of the Dungeon
 12375 | D:15     | Found a staircase to the Depths.
 12375 | D:15     | Noticed a stone giant
 12384 | D:15     | Killed a stone giant
 12818 | D:15     | Reached XP level 14. HP: 70/140 MP: 16/18
 13148 | D:15     | Slain by a skeletal warrior

Illustrated notes

Levels and vault maps discovered:
D:1:      amcnicky_arrival_wind_blow, layout_loops_cross,
          shapermc_ecumenical_altar_starsandcircs
D:2:      layout_rooms
D:3:      layout_loops_ring, ebering_ghost_sewer_f, kennysheep_nondescript,
          st_stairs_14
D:4:      layout_basic
D:5:      layout_basic
D:6:      layout_rooms, nicolae_ru_awakened_eye, lemuel_crystal_altar,
          uniq_duvessa
D:7:      layout_basic, old_standard_altar, minmay_temple_entry_ruins
D:8:      minmay_the_grid_octo_tiled_squarecenter
          [minmay_the_grid_octo_tetromino_candy, minmay_the_grid_octo_teeth,
          minmay_the_grid_octo_clover_2, minmay_the_grid_octo_fan_narrow,
          minmay_the_grid_square_5x5_megaprize_hollow,
          minmay_the_grid_square_5x5_checkered_statues,
          minmay_the_grid_square_5x5_eight,
          minmay_the_grid_square_5x5_broken_cross,
          minmay_the_grid_square_5x5_two], layout_basic,
          grunt_lair_entry_orc_guard_hut, uniq_gastronok, uniq_maggie
D:9:      layout_roguey, serial_shops, nicolae_shop_advertising_works
          [nicolae_subvault_shop_adworks]
D:10:     layout_basic, kennysheep_generic_room_13
D:11:     kennysheep_big_flooded_room, layout_long_grid, orc_0_dummy
D:12:     layout_basic, hellmonk_ghost_happy_afterlife, nrook_uturn, zin_angel
D:13:     layout_roguey, gammafunk_ghost_berserking_beasts, special_room
          [special_room_bee], pond, uniq_azrael
D:14:     layout_loops_cross, david_vaults_4, uniq_jorgrun
D:15:     grunt_enter_depths_snipers, layout_basic, special_room
          [special_room_mythical_zoo], serial_shops, shop
Temple:   hellmonk_temple_divided_pantheon

Skill      XL: |  1  2  3  4  5  6  7  8  9 10 11 12 13 14 |
---------------+-------------------------------------------+-----
Throwing       | 1 2 3 6 9 10 11 12 | 12.2
Fighting       | 3 4 6 7 8 9 |  9.6
Dodging        | 3 4 5 7 8 9 |  9.6
Unarmed Combat | 4 5 6 8 10 11 12 | 12.6
Armour         | 2 4 |  4.0
Invocations    | 2 4 6 7 |  7.0
Stealth        | |  1.0

Action                   |  1- 3 |  4- 6 |  7- 9 | 10-12 | 13-15 || total
-------------------------+-------+-------+-------+-------+-------++-------
Melee: Unarmed           |    94 |   127 |   236 |   427 |   378 ||  1262
       Punch             |     1 |     3 |    10 |    25 |    31 ||    70
Throw: Stone             |       |     5 |    15 |       |       ||    20
       Boomerang         |       |       |       |    12 |       ||    12
       Large rock        |       |       |       |     5 |    24 ||    29
       Throwing net      |       |       |       |       |     1 ||     1
Invok: Recall Undead Har |       |       |       |     1 |     3 ||     4
       Dark Bargain      |       |       |       |     1 |     2 ||     3
Evoke: Wand              |       |       |     9 |     2 |       ||    11
       Condenser vane    |       |       |       |     1 |     1 ||     2
  Use: Scroll            |       |     9 |     5 |    11 |     5 ||    30
       Potion            |       |       |       |     3 |       ||     3
 Stab: Sleeping          |     1 |     2 |     2 |     1 |       ||     6
       Distracted        |       |       |       |     4 |     4 ||     8
       Confused          |       |       |       |     1 |       ||     1
Armor: Robe              |    46 |    26 |    54 |    28 |       ||   154
       Acid dragon scale |       |       |       |   220 |   196 ||   416
       Skin              |       |       |       |     9 |       ||     9
Dodge: Dodged            |    60 |    56 |    96 |   302 |   186 ||   700
